 Dungeon Crawl Stone Soup version 0.24-a0-189-g5d897e9 (webtiles) character file.

Game seed: 12033321287319937417

25 Kurtz the Cudgeler (level 2, 24/24 HPs)
             Began as a Mummy Chaos Knight on Mar 17, 2019.
             Was a Plaything of Xom.
             Quit the game on level 1 of the Dungeon.
             The game lasted 00:00:32 (642 turns).

Kurtz the Cudgeler (Mummy Chaos Knight)              Turns: 642, Time: 00:00:32

Health: 24/24      AC:  6    Str: 15    XL:     2   Next: 82%
Magic:  2/2        EV:  8    Int: 11    God:    Xom [..*...]
Gold:   0          SH:  0    Dex: 11    Spells: 1/1 levels left

rFire    x . .     SeeInvis .   a - +0 mace (chaos)
rCold    + . .     Gourm    .   (no shield)
rNeg     + + +     Faith    .   b - +2 leather armour
rPois    ∞         Spirit   .   (no helmet)
rElec    .         Reflect  .   c - +0 cloak (curse)
rCorr    .         Harm     .   (no gloves)
MR       .....                  (no boots)
Stlth    +.........             (no amulet)
HPRegen  0.08/turn              e - -3 ring of evasion (curse)
MPRegen  0.08/turn              (no ring)

@: no status effects
A: no food or potions, fire vulnerability, cold resistance 1, negative energy
resistance 3, torment resistance, unbreathing
a: Renounce Religion


You were on level 1 of the Dungeon.
You worshipped Xom.
You were a toy of Xom.
You were not hungry.

You visited 1 branch of the dungeon, and saw 1 of its levels.

Inventory:

Hand Weapons
 a - a +0 mace of chaos (weapon)
Armour
 b - a +2 leather armour (worn)
 c - a cursed +0 cloak (worn)
Jewellery
 e - a cursed -3 ring of evasion (left hand)


   Skills:
 - Level 3.0 Fighting
 * Level 3.4 Maces & Flails
 - Level 1.5 Armour
 - Level 0.7 Dodging


You had one spell level left.
You didn't know any spells.
Your spell library was empty.

Dungeon Overview and Level Annotations

Branches:
Dungeon (1/15)

Altars:


Innate Abilities, Weirdness & Mutations

You do not eat or drink.
Your flesh is vulnerable to fire.
You are immune to poison.
Your flesh is cold resistant. (rC+)
You are immune to negative energy. (rN+++)
You are immune to unholy pain and torment.
You can survive without breathing.


Message History

You hit the bat. You burn the bat.
You kill the bat!
No target in view!
No target in view!
No target in view!
No target in view!
No target in view!
No target in view!
No target in view!
d - a scroll labeled GODDYPS YSMARO
e - a twisted ivory ring Oops, that ring feels deathly cold.
e - a cursed -3 ring of evasion (left hand)
You start resting.
HP restored.
As you read the scroll labeled GODDYPS YSMARO, it crumbles to dust.
It is a scroll of identify.
You don't have any unidentified items.
No target in view!
Are you sure you want to abandon this character and quit the game? (Confirm with "yes".)

..........#.# #.#
..........#.# . #.#
###.......#.# .. #†#
............# ... #.#
###......#..##... #.#
............... #.#
##.......##..########.#
..(..........>.........#
.........@.##.##########
..........##.#
#........##.#
#........##.#
#........##.#
#........##.#
#........##.# #........#
#........#


There were no monsters in sight!

Vanquished Creatures
  3 dart slugs (D:1)
  A leopard gecko (D:1)
  A ball python (D:1)
  2 bats (D:1)
  2 kobolds (D:1)
  16 rats (D:1)
25 creatures vanquished.

Notes
Turn   | Place    | Note
-------+----------+-------------------------------------------
     0 | D:1      | Kurtz the Mummy Chaos Knight began the quest for the Orb.
     0 | D:1      | Reached XP level 1. HP: 18/18 MP: 1/1
    22 | D:1      | XOM: smoke on damage
    96 | D:1      | XOM: divination: magic mapping
   319 | D:1      | Reached XP level 2. HP: 15/24 MP: 2/2
   642 | D:1      | Quit the game

Levels and vault maps discovered:
D:1:      erik_arrival_orb_chamber, layout_basic

Skill      XL: |  1  2 |
---------------+-------+-----
Maces & Flails | 3 |  3.4
Fighting       | |  3.0
Armour         | |  1.5
Dodging        | |  0.7

Action                   || total
-------------------------++-------
Melee: Mace              ||    61
  Use: Scroll            ||     1
 Stab: Paralysed         ||     1
Armor: Leather armour    ||    29
Dodge: Dodged            ||    52

Table legend:
 A = Non-vault XP
 B = Vault XP
 C = Vault XP percentage of total XP
 D = Non-vault monster count
 E = Vault monster count
 F = Vault count percentage of total count
                 A         B        C        D         E       F
            +---------+---------+-------+---------+---------+-------
      Total |      24 |      12 |  33.3 |      13 |      12 |  48.0
            +---------+---------+-------+---------+---------+-------
        D:1 |      24 |      12 |  33.3 |      13 |      12 |  48.0
            +---------+---------+-------+---------+---------+-------
